 Dungeon Crawl Stone Soup version 0.24-a0-312-g16217b4a02 (webtiles) character file.

Game seed: 14111636116944918971

129 HAL9000 the Sneak (level 5, -19/26 HPs)
             Began as a Vine Stalker Assassin on May 15, 2019.
             Demolished by an ogre
             ... wielding a +0 giant club
              (25 damage)
             ... on level 4 of the Dungeon.
             The game lasted 00:04:39 (2581 turns).

HAL9000 the Sneak (Vine Stalker Assassin)           Turns: 2581, Time: 00:04:40

Health: -19/26     AC:  8    Str: 13    XL:     5   Next: 12%
Magic:  0/6        EV: 11    Int: 16    God:
Gold:   324        SH:  0    Dex: 17    Spells: 4/4 levels left

rFire    . . .     SeeInvis .   a - +2 dagger
rCold    . . .     Gourm    .   (no shield)
rNeg     . . .     Faith    .   t - +0 leather armour
rPois    .         Spirit   +   (no helmet)
rElec    .         Reflect  .   s - +1 cloak
rCorr    .         Harm     .   n - +0 pair of gloves
MR       .....                  r - +1 pair of boots
Stlth    ++++......             (no amulet)
HPRegen  0.48/turn              p - ring of stealth
MPRegen  0.10/turn              u - +5 ring of intelligence

@: no status effects
A: fangs 2, regeneration 1, magic shield, antimagic bite, no potion heal 3, rot
immunity
a: no special abilities


You were on level 4 of the Dungeon.
You were not hungry.

You visited 1 branch of the dungeon, and saw 4 of its levels.

You collected 324 gold pieces.

Inventory:

Hand Weapons
 a - a +2 dagger (weapon)
Missiles
 d - 23 poisoned darts (quivered)
Armour
 n - a +0 pair of gloves (worn)
 r - a +1 pair of boots (worn)
 s - a +1 cloak (worn)
 t - a +0 leather armour (worn)
Jewellery
 p - a ring of stealth (left hand)
 u - a +5 ring of intelligence (right hand)
Wands
 c - a wand of enslavement (7)
Scrolls
 b - a scroll of blinking {unknown}
 i - 2 scrolls of noise {unknown}
 m - 2 scrolls of remove curse {unknown}
 o - a scroll of enchant weapon {unknown}
 q - a scroll of teleportation {unknown}
 w - a scroll of immolation {unknown}
Potions
 g - 2 potions of heal wounds {unknown}
 k - 3 potions of curing {unknown}
 l - 3 potions of flight
 v - a potion of agility
Comestibles
 f - 6 rations
 h - a chunk of flesh


   Skills:
 - Level 1.7 Fighting
 + Level 4.7 Short Blades
 - Level 1.7 Throwing
 - Level 0.7 Dodging
 - Level 4.8 Stealth


You had 4 spell levels left.
You didn't know any spells.
Your spell library was empty.

Dungeon Overview and Level Annotations

Branches:
Dungeon (4/15)
 Temple: D:4-7

Altars:


Innate Abilities, Weirdness & Mutations

You have extremely sharp teeth.
Your natural rate of healing is unusually fast.
When hurt, damage is shared between your health and your magic reserves.
Your bite disrupts and absorbs the magic of your enemies.
Potions cannot restore your health.
You are immune to rotting.


Message History

You throw a poisoned dart.
The poisoned dart closely misses the ogre.
The poisoned dart hits the jackal skeleton.
Throwing (i - inventory)
d - 24 poisoned darts (quivered)
Press: ? - help, Shift-Dir - straight line, f/p - ogre
Aim: an ogre, wielding a +0 giant club You throw a poisoned dart.
The poisoned dart hits the ogre.
The ogre is poisoned.
Wield which item (- for none, * to show all)? (? for menu, Esc to quit)
You are already wielding that!
You hit the ogre but do no damage. Your bite misses the ogre.
The ogre is lightly wounded.
The ogre hits you with a +0 giant club!!
Ouch! That really hurt!
* * * LOW HITPOINT WARNING * * *
You hit the ogre.
The ogre is moderately wounded.
The ogre hits you with a +0 giant club!!
Ouch! That really hurt!
You die...

###
#.#########################
#..............@OZo((o....#
#.#######################.#
#.# #.# #.# #.# #.#
########o# #.#
.......Oo###### #.# ###
########Z.....# #.# ..#
.......oo###.# #.# #.#
.######..#


You could see an ogre, an orc wizard, an orc and a jackal skeleton.

Vanquished Creatures
  Crazy Yiuf (D:2)
  A worker ant (D:4)
  An adder (D:2)
  2 oozes
  3 dart slugs (D:3)
  An orc (D:4)
  2 giant cockroaches
  6 goblins
  2 hobgoblins (D:3)
  2 jackals (D:1)
  4 quokkas
  2 ball pythons
  7 bats
  4 frilled lizards
  9 kobolds
  8 rats
55 creatures vanquished.

Notes
Turn   | Place    | Note
-------+----------+-------------------------------------------
     0 | D:1      | HAL9000 the Vine Stalker Assassin began the quest for the
                  | Orb.
     0 | D:1      | Reached XP level 1. HP: 11/11 MP: 2/2
   154 | D:1      | Reached XP level 2. HP: 10/15 MP: 3/3
   999 | D:2      | Reached XP level 3. HP: 18/18 MP: 4/4
  1088 | D:2      | Found a runed translucent door.
  1089 | D:2      | Noticed Crazy Yiuf
  1488 | D:2      | Killed Crazy Yiuf
  1488 | D:2      | Gained mutation: Your natural rate of healing is unusually
                  | fast. [Vine Stalker growth]
  1488 | D:2      | Reached XP level 4. HP: 23/23 MP: 5/5
  1839 | D:3      | Found a faded altar of an unknown god.
  2291 | D:4      | Reached XP level 5. HP: 15/26 MP: 6/6
  2557 | D:4      | Noticed an ogre
  2581 | D:4      | Demolished by an ogre

Levels and vault maps discovered:
D:1:      minmay_arrival_arboretum_small, layout_basic
D:2:      layout_rooms, uniq_crazy_yiuf_cottage
D:3:      layout_loops_ring, chequers_ecumenical_altar_grove
D:4:      layout_basic, first_ration

Skill      XL: |  1  2  3 |
---------------+----------+-----
Short Blades   | 2 3 4 |  4.7
Fighting       | |  1.7
Throwing       | |  1.7
Dodging        | |  0.7
Stealth        | |  4.8

Action                   |  1- 3 |  4- 6 || total
-------------------------+-------+-------++-------
Melee: Dagger            |    92 |    73 ||   165
       Bite              |    20 |    19 ||    39
Throw: Dart              |     1 |     4 ||     5
  Use: Scroll            |       |     3 ||     3
 Stab: Sleeping          |     8 |     4 ||    12
  Eat: Chunk             |     1 |     4 ||     5
Armor: Robe              |    22 |     1 ||    23
       Leather armour    |       |    11 ||    11
Dodge: Dodged            |    45 |    26 ||    71

Table legend:
 A = Non-vault XP
 B = Vault XP
 C = Vault XP percentage of total XP
 D = Non-vault monster count
 E = Vault monster count
 F = Vault count percentage of total count
                 A         B        C        D         E       F
            +---------+---------+-------+---------+---------+-------
      Total |     143 |      42 |  22.7 |      54 |       1 |   1.8
            +---------+---------+-------+---------+---------+-------
        D:1 |      29 |       0 |   0.0 |      17 |       0 |   0.0
        D:2 |      42 |      42 |  50.0 |      18 |       1 |   5.3
        D:3 |      31 |       0 |   0.0 |      15 |       0 |   0.0
        D:4 |      41 |       0 |   0.0 |       4 |       0 |   0.0
            +---------+---------+-------+---------+---------+-------
